 Dungeon Crawl Stone Soup version 0.29-a0-334-gb41bcbb86e (webtiles) character file.

Game seed: 9241246447131825513

1348 kevlar127 the Ruffian (level 8, -5/83 HPs)
             Began as a Troll Berserker on Apr 14, 2022.
             Was a Priest of Trog.
             Slain by a two-headed ogre
             ... wielding a +0 giant spiked club
              (30 damage)
             ... on level 6 of the Dungeon.
             The game lasted 02:06:27 (7170 turns).

kevlar127 the Ruffian (Troll Berserker)             Turns: 7170, Time: 02:06:28

Health: -5/83      AC:  5    Str: 34    XL:     8   Next: 36%
Magic:  7/7        EV: 10    Int:  3    God:    Trog [***...]
Gold:   500        SH:  0    Dex:  9    Spells: 7/7 levels left

rFire   + . .      SeeInvis .     - Unarmed
rCold   . . .      Faith    .   (no shield)
rNeg    . . .      Spirit   .   a - +0 animal skin
rPois   .          Reflect  .   (helmet restricted)
rElec   .          Harm     .   M - +0 cloak
rCorr   .          Rampage  .   (gloves unavailable)
Will    .....                   (boots unavailable)
Stlth   +.........              (no amulet)
HPRegen 1.03/turn               o - +6 ring of strength
MPRegen 0.10/turn               L - ring of protection from fire

@: on berserk cooldown, slowed, very slow
A: large, unfitting armour, claws 3, regeneration 1, shaggy fur 1, tough skin 1
a: Renounce Religion, Berserk, Trog's Hand


You were on level 6 of the Dungeon.
You worshipped Trog.
Trog was most pleased with you.
You visited 1 branch of the dungeon, and saw 6 of its levels.

You collected 500 gold pieces.

Inventory:

Hand Weapons
 B - a +3 dagger
 O - a +0 halberd
 P - a +2 vorpal flail
Missiles
 k - 111 stones (quivered)
 y - 3 javelins
 A - 3 poisoned darts
 K - 4 boomerangs
Armour
 a - a +0 animal skin (worn)
 c - a +0 robe
 M - a +0 cloak (worn)
Magical Staves
 h - a staff of poison
 x - a staff of fire
Jewellery
 e - a ring of ice
 o - a +6 ring of strength (left claw)
 D - a +4 ring of protection
 L - a ring of protection from fire (right claw)
Wands
 G - a wand of iceblast (3)
Scrolls
 d - 6 scrolls of teleportation {unknown}
 f - a scroll of silence {unknown}
 i - a scroll of blinking {unknown}
 j - 4 scrolls of enchant armour {unknown}
 m - a scroll of torment {unknown}
 n - 2 scrolls of fear {unknown}
 q - a scroll of acquirement {unknown}
 r - 9 scrolls of identify {unknown}
 s - 2 scrolls of holy word {unknown}
 w - a scroll of fog {unknown}
 z - a scroll of brand weapon {unknown}
 F - a scroll of summoning {unknown}
Potions
 b - a potion of lignification {unknown}
 g - 2 potions of attraction {unknown}
 l - a potion of ambrosia {unknown}
 t - 4 potions of curing {unknown}
 u - 3 potions of haste {unknown}
 v - a potion of might {unknown}
 C - a potion of magic {unknown}
 E - 2 potions of brilliance {unknown}
 H - a potion of invisibility
 I - a potion of degeneration {unknown}


   Skills:
 + Level 5.7 Fighting
 + Level 4.5 Throwing
 - Level 2.6 Dodging
 + Level 6.8 Unarmed Combat


You had 7 spell levels left.
You didn't know any spells.
Your spell library contained the following spells:

 Spells                   Type           Power      Damage    Failure   Level
 Animate Skeleton         Necr           0%         N/A       52%         1
 Apportation              Tloc           0%         N/A       52%         1
 Summon Small Mammal      Summ           0%         N/A       52%         1


Dungeon Overview and Level Annotations

Branches:
Dungeon (6/15)
 Temple: D:4-7

Altars:
Dithmenos
Gozag
Okawaru
Sif Muna
Wu Jian
Xom


Innate Abilities, Weirdness & Mutations

You are too large for most types of armour.
You have claws for hands.
Your natural rate of healing is unusually fast.
You are covered in fur. (AC +1)
You have tough skin. (AC +1)


Message History

Trog accepts your kill.
The orc wizard gestures at you while chanting.
The magic dart hits you.
Found a stone staircase leading down.
The orc wizard gestures wildly while chanting.
The orc wizard flickers and vanishes!
Deactivating autopickup; reactivate with Ctrl-A.
You see here a bullfrog corpse.
The orc attacks as you move away! The orc hits you but does no damage.
A red film seems to cover your vision as you go berserk!
You feel yourself moving faster!
You feel mighty!
You barely miss the two-headed ogre. You claw the two-headed ogre!
Your claw misses the two-headed ogre.
The two-headed ogre is lightly wounded.
You claw the two-headed ogre!
The two-headed ogre is moderately wounded.
The two-headed ogre hits you with a +0 giant spiked club!!!
The two-headed ogre closely misses you.
You claw the two-headed ogre!
The two-headed ogre is heavily wounded.
You claw the two-headed ogre!
The two-headed ogre is severely wounded.
You mangle the two-headed ogre!!
The two-headed ogre is almost dead.
The two-headed ogre hits you with a +0 giant spiked club!!
The two-headed ogre hits you with a +0 giant club!!
* * * LOW HITPOINT WARNING * * *
You feel a strong urge to attack something.
You feel your anger nearly subside.
You are no longer berserk.
You are exhausted.
You feel yourself slow down.
You barely miss the two-headed ogre.
The two-headed ogre is almost dead.
The two-headed ogre misses you.
The two-headed ogre hits you but does no damage.
The two-headed ogre attacks as you move away!
The two-headed ogre barely misses you. The two-headed ogre closely misses you.
The two-headed ogre attacks as you move away!
The two-headed ogre hits you with a +0 giant spiked club!!
You die...

...........# #.............
...........# #.............
...........#######........o....
...........##....#....os.....>.
...........##....# #†#
...........##....# #.#
...........##....# #o#
...........##....# #.#
...........##...@######.#
.................O.o..so#
...........##....########
...........##....#
...........##....#
...........##....#
##################


You could see a two-headed ogre, an orc warrior, a scorpion and an orc.

Vanquished Creatures
  2 black bears
  3 sky beasts (D:6)
  A bullfrog (D:6)
  A scorpion (D:5)
  A howler monkey (D:6)
  A hound (D:4)
  3 jellies
  A gnoll shaman (D:6)
  Terence (D:2)
  4 iguanas
  An orc wizard (D:5)
  20 gnolls
  7 adders
  An ufetubus (D:5)
  A worm (D:2)
  10 orcs
  9 endoplasms
  3 giant cockroaches
  37 goblins
  28 hobgoblins
  6 quokkas
  6 ball pythons
  3 bats
  7 frilled lizards
  18 kobolds
  6 rats
181 creatures vanquished.

Vanquished Creatures (others)
  A goblin (D:5)
  5 fungi (D:3)
  4 toadstools (D:3)
10 creatures vanquished.

Grand Total: 191 creatures vanquished

Notes
Turn   | Place    | Note
-------+----------+-------------------------------------------
     0 | D:1      | kevlar127 the Troll Berserker began the quest for the Orb.
     0 | D:1      | Reached XP level 1. HP: 22/22 MP: 0/0
   141 | D:1      | Reached XP level 2. HP: 29/29 MP: 1/1
   331 | D:1      | Reached XP level 3. HP: 36/36 MP: 2/2
  1197 | D:2      | Noticed Terence
  1204 | D:2      | Killed Terence
  1205 | D:2      | Reached skill level 4 in Unarmed Combat
  1205 | D:2      | Reached XP level 4. HP: 41/45 MP: 3/3
  1225 | D:2      | Found a faded altar of an unknown god.
  2367 | D:3      | Reached XP level 5. HP: 53/53 MP: 4/4
  2594 | D:3      | Found an ornate altar of the Wu Jian Council.
  2601 | D:3      | Noticed a spectral centipede
  2601 | D:3      | Noticed a spectral black mamba
  2601 | D:3      | Noticed a spectral cane toad
  3008 | D:4      | Reached skill level 1 in Throwing
  3260 | D:4      | Reached XP level 6. HP: 62/62 MP: 5/5
  3352 | D:4      | Reached ** piety under Trog
  3563 | D:4      | Found a shimmering blue altar of Sif Muna.
  3597 | D:4      | Reached skill level 5 in Unarmed Combat
  3732 | D:5      | Entered Level 5 of the Dungeon
  3850 | D:5      | Found an opulent altar of Gozag.
  3938 | D:5      | Found a shadowy altar of Dithmenos.
  4235 | D:5      | Reached XP level 7. HP: 63/71 MP: 6/6
  4762 | D:5      | Reached *** piety under Trog
  4972 | D:5      | Reached skill level 5 in Fighting
  5095 | D:5      | Found a shimmering altar of Xom.
  5117 | D:5      | Reached skill level 6 in Unarmed Combat
  6260 | D:6      | Found an iron altar of Okawaru.
  6325 | D:6      | Reached XP level 8. HP: 80/80 MP: 7/7
  7144 | D:6      | Noticed a two-headed ogre
  7170 | D:6      | Slain by a two-headed ogre

Illustrated notes

Levels and vault maps discovered:
D:1:      nzn_arrival_depleted_hourglass, layout_rooms, minmay_misc_feat_hallway
D:2:      layout_basic, hellmonk_ecumenical_altar_pennies_from_heaven,
          chequers_avenue, uniq_terence
D:3:      layout_rooms, pdpol_wu_jian_five_deadly_venoms,
          minmay_gold_behind_fungi
D:4:      layout_rooms, mainiacjoe_overflow_24_doors, grunt_ministairs_11
D:5:      minmay_goblin_kobold_castle, layout_rooms, dk_xom_monty_hall,
          mainiacjoe_overflow_large_starburst, minmay_puff
D:6:      layout_basic, lemuel_round_altar, mainiacjoe_overflow_surrounded_room

Skill      XL: |  1  2  3  4  5  6  7  8 |
---------------+-------------------------+-----
Fighting       | 3 4 5 |  5.7
Unarmed Combat | 4 5 6 |  6.8
Throwing       | 1 2 3 4 |  4.5
Dodging        | |  2.6

Action                   |  1- 3 |  4- 6 |  7- 9 || total
-------------------------+-------+-------+-------++-------
Melee: Unarmed           |    78 |   200 |   130 ||   408
       Punch             |       |     3 |       ||     3
Throw: Stone             |     9 |    73 |    45 ||   127
Invok: Berserk           |     9 |    14 |    11 ||    34
Armor: Animal skin       |    17 |    83 |    38 ||   138
Dodge: Dodged            |    35 |   122 |    55 ||   212

Table legend: (Time is in decaauts)
 A = Elapsed time spent in this place.
 B = Non-inter-level travel time spent in this place.
 C = Inter-level travel time spent in this place.
 D = Time resting spent in this place.
 E = Time spent auto-exploring this place.
 F = Levels seen in this place.
 G = Mean time per level.
                   A        B        C        D        E       F      G
               +--------+--------+--------+--------+--------+-----+--------+
         Total |   7458 |   7432 |     26 |   1987 |   2222 |   6 | 1243.0 |
       Dungeon |   7458 |   7432 |     26 |   1987 |   2222 |   6 | 1243.0 |
               +--------+--------+--------+--------+--------+-----+--------+

Top non-repeatable levels by time:
     D:5: 2276 daAuts
     D:2: 1442 daAuts
     D:6: 1269 daAuts
     D:3: 939 daAuts
     D:4: 805 daAuts
     D:1: 725 daAuts
